3333 views
Uploaded 2020-07-13 17:19:50
Game version 1.32.6 / 1.32.7
13:51 long 3on3 ladder game on (6)TimbermawHold
Saved by koz
3333 views
Uploaded 2020-07-13 17:19:50
Game version 1.32.6 / 1.32.7
13:51 long 3on3 ladder game on (6)TimbermawHold


111 units @ 14.6k
/ 1.2k
46 buildings @ 7.8k
/ 1.9k

| Rod of Necromancy | 1 | 150 |
| Scroll of Town Portal | 1 | 350 |
| Scroll of Healing | 1 | 250 |
| Potion of Lesser Invulnerability | 1 | 150 |
| Staff of Teleportation | 1 | 150 |
| Scroll of Protection | 1 | 150 |
| total: | 6 | 1200g |
| Acolyte | 12 | 900 | / | 0 |
| Ghoul | 9 | 1080 | / | 0 |
| Gargoyle | 13 | 2275 | / | 390 |
| total: | 34 | 4255g | / | 390w |
| Nerubian Tower | 1 | 100 | / | 20 |
| Spirit Tower | 1 | 145 | / | 40 |
| Altar of Darkness | 1 | 180 | / | 50 |
| Ziggurat | 7 | 1050 | / | 350 |
| Crypt | 2 | 400 | / | 100 |
| Tomb of Relics | 2 | 260 | / | 60 |
| Graveyard | 1 | 215 | / | 0 |
| Necropolis | 2 | 450 | / | 0 |
| Halls of the Dead | 1 | 320 | / | 210 |
| Black Citadel | 1 | 325 | / | 230 |
| total: | 15 | 2555g | / | 560w |
| 0:01 | Acolyte |
| 0:07 | Altar of Darkness |
| 0:09 | Ziggurat |
| 0:16 | Acolyte |
| 0:34 | Crypt |
| 1:06 | Tomb of Relics |
| 1:15 | Ziggurat |
| 1:34 | Ghoul |
| 1:47 | Ghoul |
| 1:57 | Ghoul |
| 2:07 | Sleep |
| 2:09 | Rod of Necromancy |
| 2:20 | Ghoul |
| 2:47 | Halls of the Dead |
| 2:55 | Ghoul |
| 3:12 | Graveyard |
| 3:24 | Ghoul |
| 3:36 | Ghoul |
| 3:52 | Ziggurat |
| 4:06 | Ghoul |
| 4:17 | Cannibalize |
| 4:25 | Carrion Swarm |
| 4:47 | Unholy Strength |
| 5:02 | Ghoul |
| 5:05 | Crypt |
| 5:48 | Acolyte |
| 5:48 | Acolyte |
| 5:48 | Acolyte |
| 5:48 | Acolyte |
| 5:50 | Acolyte |
| 6:18 | Gargoyle |
| 6:19 | Ziggurat |
| 6:41 | Carrion Swarm |
| 7:32 | Necropolis |
| 7:44 | Gargoyle |
| 8:41 | Gargoyle |
| 8:54 | Black Citadel |
| 9:10 | Gargoyle |
| 9:16 | Ziggurat |
| 9:27 | Acolyte |
| 9:27 | Acolyte |
| 9:45 | Acolyte |
| 10:01 | Gargoyle |
| 10:12 | Gargoyle |
| 10:20 | Tomb of Relics |
| 10:22 | Ziggurat |
| 10:47 | Necropolis |
| 10:55 | Gargoyle |
| 10:59 | Sleep |
| 11:04 | Gargoyle |
| 11:17 | Ziggurat |
| 11:36 | Scroll of Town Portal |
| 11:37 | Potion of Lesser Invulnerability |
| 11:50 | Staff of Teleportation |
| 12:02 | Scroll of Healing |
| 12:03 | Scroll of Protection |
| 12:14 | Gargoyle |
| 12:15 | Creature Attack |
| 12:15 | Creature Carapace |
| 12:28 | Nerubian Tower |
| 12:30 | Spirit Tower |
| 12:37 | Gargoyle |
| 12:39 | Stone Form |
| 12:46 | Acolyte |
| 12:51 | Acolyte |
| 13:04 | Gargoyle |
| 13:04 | Gargoyle |
| 13:26 | Gargoyle |
| 13:46 | Carrion Swarm |
| Select group | 1066 |
| Right click | 474 |
| Select | 414 |
| Misc. action | 228 |
| Build/train/purchase | 64 |
| Assign group | 32 |
| Use ability | 18 |
| Chat | 4 |

| Rod of Necromancy | 1 | 150 |
| total: | 1 | 150g |
| Acolyte | 16 | 1200 | / | 0 |
| Ghoul | 16 | 1920 | / | 0 |
| Gargoyle | 14 | 2450 | / | 420 |
| Green Dragon Whelp | 5 | 1075 | / | 100 |
| Green Drake | 2 | 730 | / | 160 |
| total: | 53 | 7375g | / | 680w |
| Spirit Tower | 8 | 1160 | / | 320 |
| Altar of Darkness | 1 | 180 | / | 50 |
| Crypt | 4 | 800 | / | 200 |
| Ziggurat | 8 | 1200 | / | 400 |
| Tomb of Relics | 2 | 260 | / | 60 |
| Necropolis | 2 | 450 | / | 0 |
| Graveyard | 1 | 215 | / | 0 |
| Halls of the Dead | 1 | 320 | / | 210 |
| Black Citadel | 1 | 325 | / | 230 |
| total: | 18 | 3105g | / | 710w |
| 0:01 | Acolyte |
| 0:06 | Altar of Darkness |
| 0:08 | Crypt |
| 0:22 | Ziggurat |
| 0:32 | Acolyte |
| 0:51 | Tomb of Relics |
| 1:09 | Ghoul |
| 1:16 | Ziggurat |
| 1:28 | Ghoul |
| 1:28 | Ghoul |
| 1:28 | Ghoul |
| 1:28 | Ghoul |
| 1:28 | Ghoul |
| 1:28 | Ghoul |
| 1:43 | Ghoul |
| 2:04 | Acolyte |
| 2:10 | Rod of Necromancy |
| 2:11 | Sleep |
| 2:20 | Ghoul |
| 2:34 | Ghoul |
| 2:51 | Necropolis |
| 3:06 | Vampiric Aura |
| 3:15 | Acolyte |
| 3:32 | Acolyte |
| 3:32 | Acolyte |
| 3:37 | Acolyte |
| 3:59 | Graveyard |
| 4:09 | Sleep |
| 4:12 | Ghoul |
| 4:26 | Halls of the Dead |
| 4:32 | Acolyte |
| 4:38 | Ziggurat |
| 4:52 | Ziggurat |
| 5:06 | Crypt |
| 5:19 | Ghoul |
| 5:28 | Spirit Tower |
| 5:29 | Ziggurat |
| 5:37 | Ghoul |
| 5:45 | Spirit Tower |
| 5:57 | Ghoul |
| 6:10 | Ghoul |
| 6:11 | Creature Attack |
| 6:14 | Ghoul |
| 6:24 | Spirit Tower |
| 6:38 | Acolyte |
| 6:50 | Gargoyle |
| 6:53 | Gargoyle |
| 7:07 | Gargoyle |
| 7:13 | Crypt |
| 7:27 | Gargoyle |
| 7:31 | Gargoyle |
| 7:43 | Improved Creature Attack |
| 7:56 | Gargoyle |
| 8:03 | Gargoyle |
| 8:09 | Gargoyle |
| 8:13 | Acolyte |
| 8:21 | Gargoyle |
| 8:26 | Necropolis |
| 8:28 | Vampiric Aura |
| 8:38 | Gargoyle |
| 8:41 | Gargoyle |
| 9:16 | Gargoyle |
| 9:18 | Acolyte |
| 9:18 | Acolyte |
| 9:18 | Acolyte |
| 9:18 | Acolyte |
| 9:32 | Creature Carapace |
| 9:50 | Gargoyle |
| 10:15 | Tomb of Relics |
| 10:16 | Ziggurat |
| 10:17 | Ziggurat |
| 10:18 | Ziggurat |
| 10:54 | Green Dragon Whelp |
| 10:54 | Green Drake |
| 11:06 | Vampiric Aura |
| 11:20 | Spirit Tower |
| 11:31 | Acolyte |
| 11:38 | Gargoyle |
| 11:39 | Black Citadel |
| 11:40 | Crypt |
| 11:46 | Green Drake |
| 11:46 | Green Dragon Whelp |
| 11:50 | Green Dragon Whelp |
| 12:14 | Improved Creature Carapace |
| 12:22 | Acolyte |
| 13:40 | Green Dragon Whelp |
| 13:41 | Green Dragon Whelp |
| Select group | 1227 |
| Right click | 912 |
| Select | 541 |
| Misc. action | 244 |
| Assign group | 130 |
| Build/train/purchase | 104 |
| Use ability | 31 |
| Esc | 9 |
| Chat | 3 |

| Rod of Necromancy | 1 | 150 |
| total: | 1 | 150g |
| Acolyte | 4 | 300 | / | 0 |
| Ghoul | 15 | 1800 | / | 0 |
| Gargoyle | 5 | 875 | / | 150 |
| total: | 24 | 2975g | / | 150w |
| Nerubian Tower | 1 | 100 | / | 20 |
| Crypt | 2 | 400 | / | 100 |
| Ziggurat | 6 | 900 | / | 300 |
| Altar of Darkness | 1 | 180 | / | 50 |
| Tomb of Relics | 1 | 130 | / | 30 |
| Graveyard | 1 | 215 | / | 0 |
| Necropolis | 1 | 225 | / | 0 |
| Sacrificial Pit | 1 | 75 | / | 150 |
| Halls of the Dead | 2 | 640 | / | 420 |
| Black Citadel | 1 | 325 | / | 230 |
| total: | 13 | 2125g | / | 630w |
| 0:02 | Acolyte |
| 0:02 | Acolyte |
| 0:09 | Crypt |
| 0:19 | Ziggurat |
| 0:31 | Altar of Darkness |
| 0:49 | Tomb of Relics |
| 1:13 | Ghoul |
| 1:19 | Ghoul |
| 1:28 | Ziggurat |
| 1:38 | Nerubian Tower |
| 1:47 | Ghoul |
| 1:48 | Ghoul |
| 2:16 | Graveyard |
| 2:23 | Ghoul |
| 2:38 | Rod of Necromancy |
| 2:50 | Ghoul |
| 3:11 | Carrion Swarm |
| 3:25 | Cannibalize |
| 3:32 | Ghoul |
| 3:32 | Ghoul |
| 3:38 | Halls of the Dead |
| 3:43 | Ghoul |
| 4:20 | Vampiric Aura |
| 4:31 | Ghoul |
| 4:31 | Ghoul |
| 4:33 | Ziggurat |
| 4:34 | Ziggurat |
| 5:03 | Crypt |
| 5:29 | Ghoul |
| 5:32 | Unholy Strength |
| 5:32 | Unholy Armor |
| 5:54 | Ghoul |
| 6:40 | Carrion Swarm |
| 6:49 | Ghoul |
| 6:50 | Ghoul |
| 7:21 | Black Citadel |
| 7:24 | Creature Attack |
| 7:56 | Gargoyle |
| 8:01 | Ziggurat |
| 8:16 | Gargoyle |
| 8:51 | Gargoyle |
| 9:22 | Improved Creature Attack |
| 10:01 | Vampiric Aura |
| 10:11 | Ghoul Frenzy |
| 10:12 | Stone Form |
| 10:13 | Gargoyle |
| 10:45 | Ziggurat |
| 10:54 | Acolyte |
| 11:50 | Gargoyle |
| 12:08 | Carrion Swarm |
| 12:14 | Necropolis |
| 12:29 | Acolyte |
| 12:33 | Sacrificial Pit |
| 13:42 | Inferno |
| Right click | 726 |
| Select group | 484 |
| Chat | 272 |
| Select | 138 |
| Misc. action | 73 |
| Build/train/purchase | 57 |
| Assign group | 49 |
| Use ability | 12 |
| Remove unit | 2 |
| Minimap ping | 2 |
60 units @ 8.8k
/ 1.3k
36 buildings @ 6.3k
/ 2.6k


| Scroll of Town Portal | 3 | 1050 |
| total: | 3 | 1050g |
| Wisp | 16 | 960 | / | 0 |
| Archer | 5 | 650 | / | 50 |
| Druid of the Claw | 3 | 765 | / | 240 |
| Huntress | 3 | 585 | / | 60 |
| Dryad | 1 | 145 | / | 60 |
| Hippogryph | 1 | 160 | / | 20 |
| total: | 29 | 3265g | / | 430w |
| Altar of Elders | 1 | 180 | / | 50 |
| Moon Well | 4 | 720 | / | 160 |
| Ancient of War | 1 | 150 | / | 60 |
| Hunter's Hall | 1 | 210 | / | 100 |
| Tree of Life | 3 | 1020 | / | 555 |
| Ancient of Wonders | 1 | 90 | / | 30 |
| Ancient of Lore | 1 | 155 | / | 145 |
| Ancient of Wind | 1 | 150 | / | 140 |
| Tree of Ages | 1 | 320 | / | 180 |
| Tree of Eternity | 1 | 330 | / | 200 |
| total: | 13 | 2675g | / | 1240w |
| 0:04 | Wisp |
| 0:04 | Wisp |
| 0:12 | Altar of Elders |
| 0:24 | Moon Well |
| 0:28 | Wisp |
| 0:41 | Ancient of War |
| 0:43 | Wisp |
| 0:58 | Wisp |
| 1:20 | Moon Well |
| 1:22 | Wisp |
| 1:35 | Wisp |
| 1:46 | Archer |
| 1:51 | Wisp |
| 2:04 | Wisp |
| 2:15 | Moon Well |
| 2:18 | Force of Nature |
| 2:25 | Archer |
| 2:56 | Tree of Ages |
| 3:03 | Archer |
| 3:54 | Moon Well |
| 3:58 | Archer |
| 4:03 | Hunter's Hall |
| 4:18 | Archer |
| 5:14 | Entangling Roots |
| 5:33 | Ancient of Lore |
| 5:43 | Tree of Life |
| 6:00 | Wisp |
| 6:00 | Wisp |
| 6:46 | Mana Burn |
| 7:24 | Tree of Eternity |
| 7:28 | Ancient of Wonders |
| 7:37 | Tree of Life |
| 7:41 | Druid of the Claw |
| 7:44 | Huntress |
| 8:16 | Huntress |
| 8:19 | Druid of the Claw Adept Training |
| 9:00 | Tree of Life |
| 9:50 | Druid of the Claw |
| 10:28 | Druid of the Claw |
| 10:40 | Huntress |
| 11:15 | Dryad |
| 11:23 | Ancient of Wind |
| 11:27 | Wisp |
| 11:27 | Wisp |
| 11:37 | Scroll of Town Portal |
| 11:50 | Wisp |
| 12:11 | Wisp |
| 12:12 | Wisp |
| 12:24 | Scroll of Town Portal |
| 12:43 | Scroll of Town Portal |
| 13:01 | Hippogryph |
| 13:17 | Force of Nature |
| Right click | 187 |
| Select | 172 |
| Build/train/purchase | 44 |
| Use ability | 24 |
| Minimap ping | 1 |



| Rod of Necromancy | 2 | 300 |
| Potion of Healing | 1 | 150 |
| Orb of Corruption | 2 | 750 |
| total: | 5 | 1200g |
| Acolyte | 2 | 150 | / | 0 |
| Ghoul | 3 | 360 | / | 0 |
| Crypt Fiend | 12 | 2580 | / | 480 |
| Obsidian Statue | 1 | 200 | / | 35 |
| total: | 18 | 3290g | / | 515w |
| Altar of Darkness | 1 | 180 | / | 50 |
| Ziggurat | 4 | 600 | / | 200 |
| Crypt | 1 | 200 | / | 50 |
| Graveyard | 1 | 215 | / | 0 |
| Tomb of Relics | 1 | 130 | / | 30 |
| Slaughterhouse | 1 | 140 | / | 135 |
| Halls of the Dead | 1 | 320 | / | 210 |
| Black Citadel | 1 | 325 | / | 230 |
| total: | 9 | 1465g | / | 465w |
| 0:03 | Acolyte |
| 0:03 | Acolyte |
| 0:13 | Altar of Darkness |
| 0:17 | Ziggurat |
| 0:35 | Crypt |
| 0:59 | Graveyard |
| 1:23 | Tomb of Relics |
| 1:26 | Ziggurat |
| 1:39 | Ghoul |
| 1:39 | Ghoul |
| 1:55 | Ghoul |
| 2:15 | Death Coil |
| 2:20 | Crypt Fiend |
| 2:28 | Rod of Necromancy |
| 2:49 | Crypt Fiend |
| 2:49 | Crypt Fiend |
| 3:25 | Halls of the Dead |
| 3:58 | Crypt Fiend |
| 4:00 | Creature Attack |
| 4:14 | Death Pact |
| 4:28 | Crypt Fiend |
| 4:34 | Ziggurat |
| 5:03 | Creature Carapace |
| 5:31 | Crypt Fiend |
| 7:10 | Crypt Fiend |
| 7:14 | Slaughterhouse |
| 7:21 | Potion of Healing |
| 7:22 | Rod of Necromancy |
| 7:35 | Crypt Fiend |
| 7:57 | Impale |
| 8:08 | Black Citadel |
| 8:11 | Crypt Fiend |
| 8:41 | Crypt Fiend |
| 9:11 | Web |
| 9:36 | Death Coil |
| 10:21 | Crypt Fiend |
| 10:25 | Improved Creature Attack |
| 10:41 | Obsidian Statue |
| 11:00 | Orb of Corruption |
| 11:00 | Orb of Corruption |
| 11:36 | Frost Nova |
| 11:41 | Ziggurat |
| 12:03 | Advanced Creature Attack |
| 12:48 | Crypt Fiend |
| Right click | 507 |
| Select group | 238 |
| Select | 142 |
| Build/train/purchase | 52 |
| Assign group | 20 |
| Misc. action | 19 |
| Use ability | 18 |
| Minimap ping | 5 |
| Item give/drop | 1 |



| Potion of Healing | 1 | 150 |
| Potion of Mana | 1 | 200 |
| Scroll of Town Portal | 1 | 350 |
| total: | 3 | 700g |
| Acolyte | 2 | 150 | / | 0 |
| Ghoul | 3 | 360 | / | 0 |
| Crypt Fiend | 6 | 1290 | / | 240 |
| Obsidian Statue | 2 | 400 | / | 70 |
| total: | 13 | 2200g | / | 310w |
| Spirit Tower | 1 | 145 | / | 40 |
| Crypt | 1 | 200 | / | 50 |
| Ziggurat | 7 | 1050 | / | 350 |
| Altar of Darkness | 1 | 180 | / | 50 |
| Graveyard | 1 | 215 | / | 0 |
| Tomb of Relics | 1 | 130 | / | 30 |
| Slaughterhouse | 2 | 280 | / | 270 |
| Sacrificial Pit | 1 | 75 | / | 150 |
| Halls of the Dead | 1 | 320 | / | 210 |
| Black Citadel | 1 | 325 | / | 230 |
| total: | 14 | 2130g | / | 900w |
| 0:04 | Acolyte |
| 0:05 | Acolyte |
| 0:10 | Crypt |
| 0:13 | Ziggurat |
| 0:34 | Altar of Darkness |
| 1:13 | Ziggurat |
| 1:14 | Ghoul |
| 1:14 | Ghoul |
| 1:39 | Graveyard |
| 1:56 | Ghoul |
| 2:18 | Tomb of Relics |
| 2:41 | Carrion Beetles |
| 3:07 | Halls of the Dead |
| 3:47 | Creature Attack |
| 3:49 | Crypt Fiend |
| 3:49 | Crypt Fiend |
| 3:54 | Ziggurat |
| 4:37 | Impale |
| 4:48 | Crypt Fiend |
| 7:33 | Crypt Fiend |
| 7:33 | Crypt Fiend |
| 7:35 | Slaughterhouse |
| 7:39 | Slaughterhouse |
| 7:42 | Black Citadel |
| 8:31 | Death Coil |
| 8:43 | Ziggurat |
| 8:44 | Ziggurat |
| 8:46 | Spirit Tower |
| 8:48 | Improved Creature Attack |
| 9:47 | Web |
| 10:35 | Crypt Fiend |
| 10:39 | Obsidian Statue |
| 10:39 | Obsidian Statue |
| 10:47 | Sacrificial Pit |
| 10:51 | Potion of Healing |
| 10:53 | Scroll of Town Portal |
| 10:57 | Potion of Mana |
| 11:19 | Creature Carapace |
| 11:52 | Ziggurat |
| 11:53 | Ziggurat |
| 12:47 | Frost Nova |
| Right click | 449 |
| Select | 175 |
| Build/train/purchase | 37 |
| Use ability | 10 |
| Minimap ping | 10 |
| Assign group | 3 |
| Misc. action | 2 |
| Select group | 2 |
⇛